AoeStats
← Miyamoto

Lombardia

508389807Analyzed
4v4 RM · 11d ago on Sep 22, 2026· 46m 15s· 8 players
Game mode
Random Map
Map size
Large (8 player)
Population
200
Speed
Normal
Resources
Standard
Victory
Conquest
Starting age
Dark Age
Ending age
Imperial Age
RankedLock teamsTeams togetherTeam positionsShared explorationLock speedFull tech treeHidden civsTurbo modeCheats
Victory
Defeat
🇳🇱 Vikings · Netherlands
1174
+16
🇹🇷 Spanish · Türkiye
1169
+16
🇳🇱 Magyars · Netherlands
1163
+16
🇳🇱 Lithuanians · Netherlands
1124
+18
🇨🇭 Saracens · Switzerland
1206
-18
🇷🇺 Mongols · Russia
1187
-17
🇭🇰 Georgians · Hong Kong SAR China
1148
-16
🇨🇳 Spanish · China
1128
-15
FALCON
9:05 Loom
10:50 Feudal Age
15:44 Castle Age
13:47 Stone Mining
15:29 Double-Bit Axe
21:40 Gold Mining
24:22 Wheelbarrow
24:17 Fletching
24:28 Padded Archer Armor
25:10 Horse Collar
36:18 Imperial Age
35:56 Bow Saw
35:49 Heavy Plow
36:28 Stone Shaft Mining
36:53 Hand Cart
37:11 Leather Archer Armor
37:40 Conscription
38:40 Chemistry
38:56 Elite Conquistador
42:26 Bodkin Arrow
43:01 Ring Archer Armor
Miyamoto
9:23 Feudal Age
7:44 Loom
9:58 Double-Bit Axe
10:54 Horse Collar
18:44 Wheelbarrow
22:17 Castle Age
21:39 Bloodlines
21:38 Scale Barding Armor
21:45 Forging
23:59 Bow Saw
24:11 Hand Cart
25:30 Fervor
26:24 Heavy Plow
29:58 Stone Mining
29:58 Gold Mining
30:57 Town Watch
37:55 Imperial Age
35:50 Ballistics
35:26 Murder Holes
35:42 Masonry
35:13 Treadmill Crane
35:44 Fortified Wall
37:14 Chain Barding Armor
37:30 Iron Casting
36:46 Fletching
36:57 Scale Mail Armor
36:59 Padded Archer Armor
37:55 Hill Forts
37:27 Light Cavalry
38:08 Husbandry
38:53 Stone Shaft Mining
39:30 Crop Rotation
40:06 Two-Man Saw
39:33 Town Patrol
40:20 Plate Barding Armor
40:52 Bodkin Arrow
41:16 Elite Leitis
43:35 Hoardings
43:01 Tower Shields
43:22 Conscription
46:24 Chemistry
45:55 Architecture
45:12 Cavalier
45:57 Winged Hussar
KingHeeze
10:42 Feudal Age
13:31 Scale Barding Armor
13:49 Bloodlines
14:03 Double-Bit Axe
14:51 Horse Collar
21:38 Castle Age
22:27 Husbandry
23:30 Heavy Plow
23:43 Bow Saw
23:11 Light Cavalry
24:48 Wheelbarrow
23:58 Loom
25:38 Chain Barding Armor
30:39 Hand Cart
40:17 Imperial Age
42:10 Cavalier
43:30 Plate Barding Armor
45:47 Crop Rotation
45:56 Paladin
Stoflong
8:32 Loom
10:33 Feudal Age
12:07 Double-Bit Axe
12:14 Gold Mining
17:24 Fletching
18:10 Padded Archer Armor
22:50 Castle Age
20:54 Horse Collar
24:35 Bodkin Arrow
24:39 Town Watch
25:29 Bow Saw
25:33 Heavy Plow
29:18 Fervor
29:21 Pikeman
31:50 Gambesons
32:08 Squires
32:26 Arson
33:29 Scale Mail Armor
33:40 Forging
36:56 Imperial Age
34:35 Man-at-Arms
35:35 Long Swordsman
36:30 Long Swordsman
38:19 Chieftains
38:49 Conscription
38:30 Capped Ram
40:03 Chain Mail Armor
40:23 Iron Casting
42:46 Plate Mail Armor
43:17 Blast Furnace
45:47 Hoardings
the Puchu
7:21 Loom
10:49 Feudal Age
16:10 Castle Age
14:15 Horse Collar
16:06 Double-Bit Axe
17:23 Bow Saw
18:36 Fletching
18:07 Crossbowman
23:56 Bodkin Arrow
32:50 Ballistics
JohTo
0:28 Loom
3:27 Loom
9:35 Feudal Age
18:14 Castle Age
16:37 Double-Bit Axe
17:09 Stone Mining
17:09 Gold Mining
18:02 Scale Barding Armor
19:35 Chain Barding Armor
20:56 Wheelbarrow
23:21 Bow Saw
25:06 Gold Mining
25:15 Horse Collar
25:31 Town Watch
27:35 Bloodlines
27:25 Husbandry
29:36 Fervor
29:32 Squires
31:43 Devotion
32:12 Forging
36:23 Iron Casting
35:38 Fletching
37:03 Sanctity
38:17 Hand Cart
40:31 Svan Towers
40:40 Town Patrol
41:09 Bodkin Arrow
44:57 Heresy
47:43 Imperial Age
45:49 Padded Archer Armor
[-----3cm-----]
11:34 Feudal Age
13:16 Horse Collar
16:20 Castle Age
18:12 Loom
25:16 Double-Bit Axe
31:00 Stone Mining
32:13 Husbandry
32:17 Fletching
38:53 Bodkin Arrow
38:59 Padded Archer Armor
40:22 Bow Saw
42:45 Imperial Age
40:20 Gold Mining
41:49 Leather Archer Armor
42:01 Bloodlines
42:37 Wheelbarrow
41:50 Town Watch
44:41 Conscription
44:26 Bracer
46:18 Parthian Tactics
46:12 Thumb Ring
46:35 Conscription
蓝色铁骑
0:36 Loom
11:28 Feudal Age
12:25 Double-Bit Axe
12:22 Horse Collar
12:35 Stone Mining
13:52 Wheelbarrow
13:04 Town Watch
Connection lost

Rejoining the realm…

Still unreachable

The connection could not be restored.

Session expired

The server has moved on; the page needs a fresh start.